 Dungeon Crawl Stone Soup version 0.29-a0-393-g47a863cc1b (webtiles) character file.

Game seed: 15420708355571499928

1705 hquester the Shield-Bearer (level 8, -1/79 HPs)
             Began as a Troll Fighter on May 10, 2022.
             Slain by an unseen horror (5 damage)
             ... on level 2 of the Abyss.
             The game lasted 00:47:01 (6497 turns).

hquester the Shield-Bearer (Troll Fighter)          Turns: 6497, Time: 00:47:01

Health: -1/79      AC:  5    Str: 25    XL:     8   Next: 73%
Magic:  7/7        EV: 26    Int:  4    God:
Gold:   265        SH: 10    Dex: 19    Spells: 7/7 levels left

rFire   . . .      SeeInvis .   a - +4 short sword (venom)
rCold   . . .      Faith    .   c - +0 kite shield
rNeg    + . .      Spirit   .   F - +1 robe of Peek-a-Boo {rF- rN+ rCorr Dex+8}
rPois   .          Reflect  .   (helmet restricted)
rElec   .          Harm     .   (no cloak)
rCorr   +          Rampage  .   (gloves unavailable)
Will    .....                   (boots unavailable)
Stlth   ++........              G - amulet of the acrobat
HPRegen 1.03/turn               o - ring of flight
MPRegen 0.10/turn               p - ring of protection from fire

@: acrobatic, flying
A: large, unfitting armour, claws 3, regeneration 1, shaggy fur 1, tough skin 1
a: no special abilities


You were on level 2 of the Abyss.
You visited 2 branches of the dungeon, and saw 8 of its levels.
You visited the Abyss 1 time.
You also visited: Sewer.

You collected 265 gold pieces.

Inventory:

Hand Weapons
 a - a +4 short sword of venom (weapon)
 r - a +2 antimagic dagger
 B - a +2 vampiric short sword
 E - a +1 hand axe of flaming
 I - a +2 vorpal flail
Missiles
 h - 207 stones (quivered)
Armour
 c - a +0 kite shield (worn)
 F - the +1 robe of Peek-a-Boo (worn) {rF- rN+ rCorr Dex+8}
   (You found it on level 6 of the Dungeon)

   Dex:       It affects your dexterity (+8).
   rF:        It makes you vulnerable to fire.
   rN:        It protects you from negative energy.
   rCorr:     It protects you from acid and corrosion.
Jewellery
 j - a ring of magical power
 o - a ring of flight (left claw)
 p - a ring of protection from fire (right claw)
 G - an amulet of the acrobat (around neck)
Wands
 b - a wand of flame (12)
 J - a wand of digging (3)
Scrolls
 g - 4 scrolls of teleportation {unknown}
 i - 4 scrolls of poison {unknown}
 k - 7 scrolls of identify {unknown}
 m - a scroll of acquirement {unknown}
 q - a scroll of noise {unknown}
 v - a scroll of amnesia {unknown}
 x - a scroll of summoning {unknown}
 y - 3 scrolls of enchant weapon {unknown}
Potions
 d - 3 potions of might
 e - 3 potions of degeneration {unknown}
 f - 3 potions of flight {unknown}
 l - 2 potions of attraction {unknown}
 n - a potion of ambrosia {unknown}
 s - 2 potions of curing {unknown}
 t - a potion of lignification {unknown}
 u - 3 potions of invisibility {unknown}
 z - 2 potions of mutation {unknown}
 A - 3 potions of resistance {unknown}
 C - a potion of brilliance {unknown}
 D - 2 potions of heal wounds {unknown}


   Skills:
 + Level 4.5 Fighting
 + Level 4.0 Short Blades
 + Level 4.5 Maces & Flails
 + Level 0.4 Throwing
 + Level 4.6 Dodging
 + Level 1.1 Stealth
 + Level 4.9 Shields


You had 7 spell levels left.
You didn't know any spells.
Your spell library contained the following spells:

 Spells                   Type           Power      Damage    Failure   Level
 Shock                    Conj/Air       0%         1d3       77%         1
 Ensorcelled Hibernation  Hex/Ice        0%         N/A       88%         2
 Call Canine Familiar     Summ           0%         N/A       98%         3
 Portal Projectile        Hex/Tloc       0%         N/A       98%         3
 Spider Form              Tmut/Pois      0%         N/A       98%         3
 Swiftness                Air            0%         N/A       98%         3
 Airstrike                Air            0%         N/A       100%        4
 Anguish                  Hex/Necr       0%         N/A       100%        4
 Leda's Liquefaction      Hex/Erth       0%         N/A       100%        4
 Lee's Rapid Deconstruct  Erth           0%         3d5*      100%        5
 Statue Form              Tmut/Erth      0%         N/A       100%        6


Dungeon Overview and Level Annotations

Branches:
Dungeon (7/15)             Temple (1/1) D:6           Sewer (visited)

Altars:
Ashenzari
Cheibriados
Elyvilon
Fedhas
Gozag
Hepliaklqana
Makhleb
Qazlal
Ru
Sif Muna
Trog
Uskayaw
Vehumet
Wu Jian
Xom
Yredelemnul
Zin

Shops:
D:5 =(:


Innate Abilities, Weirdness & Mutations

You are too large for most types of armour.
You have claws for hands.
Your natural rate of healing is unusually fast.
You are covered in fur. (AC +1)
You have tough skin. (AC +1)


Message History

You thump the bullfrog!
You kill the bullfrog!
You block the gnoll sergeant's attack.
The gnoll sergeant completely misses you.
You block the gnoll's attack.
Your Short Blades skill increases to level 4!
You hit the gnoll.
The gnoll is heavily wounded.
The gnoll sergeant hits you from afar with a +1 spear of distortion!
You are cast into the Abyss!
This branch contains the abyssal rune of Zot.
You reach down and open the door.
There is an open door here.
HP restored.
Found a gateway leading deeper into the Abyss.
A large abomination comes into view.
Throw: 208 stones
Press: ? - help, Q - select action, (/) - cycle Shift-Dir - straight line, f - large abomination
Aim: a large abomination (wandering, hasn't noticed you, 80% to hit)
You throw a stone.
The stone hits the large abomination but does no damage.
Your +4 short sword of venom begins to drip with poison!
a - a +4 short sword of venom (weapon)
Something hits you.
Deactivating autopickup; reactivate with Ctrl-A.
You hit something. Something hits you but does no damage. Something hits you.
Something hits you. Something hits you! You block something's attack.
You block something's attack.
You hit something. Something hits you.
You hit the large abomination but do no damage.
You block something's attack. The large abomination hits you!!
You hit something. Something completely misses you.
The large abomination hits you!!
* * * LOW HITPOINT WARNING * * *
Something closely misses you. Something hits you.
* * * LOW HITPOINT WARNING * * *
Something barely misses you. Something hits you.
You die...

. ...# ##. . ..#
###.## # .### ## #..
# . .. # ####.#.#.#.
......
##.#..#..#...(.# .
##.###....##.#.#.#..#
.. .#
...#..#...X#....#.. #
##.# .#......#.###..#
. # #.# #.#. #@#ยง
.#... #
#..#.#....##...# #..
#. .#..### ##... #
... #....#... #. #.
.#.# #.### # .#.. ##.
#. ##


You could see a large abomination.

Vanquished Creatures
  Sigmund (D:5)
  An orc warrior (D:7)
  A black bear (D:6)
  4 ogres
  A phantom (D:7)
  3 kobold brigands (Sewer)
  A bullfrog (D:7)
  A necrophage (D:6)
  2 scorpions
  A hound (D:4)
  2 jellies (D:6)
  2 iguanas
  4 orc wizards
  Robin (D:3)
  A gnoll (D:7)
  2 adders
  2 shadow imps
  A white imp (D:5)
  An ufetubus (D:5)
  9 worms
  5 dart slugs
  18 orcs
  7 ball pythons
  5 bats
  4 endoplasms
  6 giant cockroaches
  10 goblins
  5 hobgoblins
  13 jackals
  26 kobolds
  10 quokkas
  7 frilled lizards
  4 rats (D:1)
  A butterfly (D:6)
162 creatures vanquished.

Vanquished Creatures (others)
  A fungus (Sewer)
  8 plants (Sewer)
9 creatures vanquished.

Grand Total: 171 creatures vanquished

Notes
Turn   | Place    | Note
-------+----------+-------------------------------------------
     0 | D:1      | hquester the Troll Fighter began the quest for the Orb.
     0 | D:1      | Reached XP level 1. HP: 22/22 MP: 0/0
   165 | D:1      | Reached XP level 2. HP: 29/29 MP: 1/1
   757 | D:1      | Reached XP level 3. HP: 36/36 MP: 2/2
   843 | D:1      | Found a faded altar of an unknown god.
  2090 | D:3      | Noticed Robin
  2116 | D:3      | Killed Robin
  2117 | D:3      | Reached XP level 4. HP: 21/44 MP: 3/3
  2795 | D:4      | Found a stormy altar of Qazlal.
  2845 | D:4      | Reached XP level 5. HP: 53/53 MP: 4/4
  3000 | D:4      | Noticed an ogre
  3011 | D:4      | Killed an ogre
  3072 | D:4      | Noticed an ogre
  3077 | D:4      | Killed an ogre
  3078 | D:4      | Reached XP level 6. HP: 55/61 MP: 5/5
  3183 | D:4      | Found a glowing drain.
  3199 | Sewer    | Entered a sewer
  3458 | Sewer    | Reached XP level 7. HP: 29/67 MP: 6/6
  3998 | D:4      | Found a sacrificial altar of Ru.
  4130 | D:5      | Entered Level 5 of the Dungeon
  4187 | D:5      | Noticed Sigmund
  4210 | D:5      | Killed Sigmund
  4215 | D:5      | You are sucked into a shaft and drop 1 floor!
  4381 | D:5      | Reached skill level 1 in Short Blades
  4632 | D:5      | Found Yrphisa's Jewellery Shoppe.
  4639 | D:5      | Found a snail-covered altar of Cheibriados.
  4922 | D:5      | Reached XP level 8. HP: 69/78 MP: 7/7
  4961 | D:5      | Found Agria's Book Boutique.
  5136 | D:5      | Found Gavivvy's Weapon Shop.
  5194 | D:6      | Identified the +1 robe of Peek-a-Boo {rF- rN+ rCorr Dex+8}
  5583 | D:6      | Found a staircase to the Ecumenical Temple.
  5600 | Temple   | Entered the Ecumenical Temple
  6132 | D:7      | Reached skill level 1 in Stealth
  6407 | D:7      | Cast into level 2 of the Abyss (gnoll sergeant)
  6486 | Abyss:2  | Noticed a large abomination
  6496 | Abyss:2  | HP: 3/79 [something (2)]
  6497 | Abyss:2  | Slain by an unseen horror

Illustrated notes

Levels and vault maps discovered:
D:1:      lemuel_arrival_muddy, layout_basic, serial_curves, eino_curves_02,
          eino_curves_03, shapermc_ecumenical_altar_notcrosses, minmay_tripent
D:2:      layout_loops_ring
D:3:      layout_basic, minmay_misc_feat_diagonals, uniq_robin
D:4:      layout_basic, mainiacjoe_overflow_surrounded_room,
          mainiacjoe_overflow_alcove_4, gup_sewer_entry_pipe,
          grunt_ministairs_11
D:5:      layout_basic, cheibriados_altar_1, serial_shops, shop_statue,
          kennysheep_little_box, nicolae_square_shop, nicolae_wormholes,
          uniq_sigmund
D:6:      layout_basic, minmay_temple_entry_butterflies
D:7:      minmay_octagon_keep, layout_basic, mainiacjoe_overflow_24_doors,
          serial_shops, kennysheep_mini, uniq_menkaure
Temple:   eino_narrow_crystal_temple
Abyss:2:  base: Temple, evilmike_abyss_exit_6, hangedman_abyss_theft

Skill      XL: |  1  2  3  4  5  6  7  8 |
---------------+-------------------------+-----
Maces & Flails | 2 3 4 |  4.5
Fighting       | 3 4 |  4.5
Shields        | 3 4 |  4.9
Dodging        | 3 4 |  4.6
Short Blades   | 2 4 |  4.0
Stealth        | 1 |  1.1
Throwing       | |  0.4

Action                   |  1- 3 |  4- 6 |  7- 9 || total
-------------------------+-------+-------+-------++-------
Melee: Flail             |   154 |     6 |     8 ||   168
       Mace              |       |   200 |     5 ||   205
       Short sword       |       |       |   239 ||   239
       Dagger            |       |       |    13 ||    13
Throw: Stone             |     6 |     5 |     3 ||    14
 Stab: Sleeping          |       |       |     2 ||     2
Armor: Robe              |    72 |    56 |    49 ||   177
Dodge: Dodged            |    75 |    81 |    79 ||   235
Block: Kite shield       |    64 |    79 |    91 ||   234

Table legend: (Time is in decaauts)
 A = Elapsed time spent in this place.
 B = Non-inter-level travel time spent in this place.
 C = Inter-level travel time spent in this place.
 D = Time resting spent in this place.
 E = Time spent auto-exploring this place.
 F = Levels seen in this place.
 G = Mean time per level.
                   A        B        C        D        E       F      G
               +--------+--------+--------+--------+--------+-----+--------+
         Total |   6682 |   6680 |      2 |      0 |   3878 |  10 |  668.2 |
       Dungeon |   5967 |   5965 |      2 |      0 |   3707 |   7 |  852.4 |
        Temple |    153 |    153 |      0 |      0 |      0 |   1 |  153.0 |
         Abyss |     89 |     89 |      0 |      0 |     66 |   1 |   89.0 |
         Sewer |    471 |    471 |      0 |      0 |    105 |   1 |  471.0 |
               +--------+--------+--------+--------+--------+-----+--------+

Top non-repeatable levels by time:
     D:1: 1229 daAuts
     D:4: 1113 daAuts
     D:5: 918 daAuts
     D:6: 886 daAuts
     D:2: 743 daAuts
     D:3: 734 daAuts
   Sewer: 471 daAuts
     D:7: 340 daAuts
  Temple: 153 daAuts
 Abyss:2: 89 daAuts
